 Dungeon Crawl Stone Soup version bcrawl-1.41.1 (webtiles) character file.

Game seed: 8262030473963452968

284562 Yshiel the Chiller (level 8, 0/58 HPs)
             Began as a Gnoll Ice Elementalist on Apr 13, 2024.
             Was an Initiate of Elyvilon.
             Killed by vampiric draining
             ... invoked by an eye of draining
              (10 damage)
             ... on level 6 of the Dungeon.
             The game lasted 00:30:49 (4129 turns).

Yshiel the Chiller (Gnoll Ice Elementalist)         Turns: 4129, Time: 00:30:49

Health: 0/58       AC:  5    Str: 12    XL:     8   Next: 60%
Magic:  1/17       EV: 15    Int: 23    God:    Elyvilon [......]
Gold:   66         SH:  0    Dex: 15    Spells: 13/19 levels left

rFire    . . .     GDR:     29% d - +0 dagger
rCold    . . .     SeeInvis .   (no shield)
rNeg     . . .     Gourm    .   a - +0 robe
rPois    .         Faith    .   s - +0 helmet
rElec    +         Spirit   .   I - +0 cloak
rCorr    .         Reflect  .   v - +0 pair of gloves
MR       .....                  (no boots)
Stlth    +++.......             t - amulet of regeneration
HPRegen  0.22/turn              r - ring of insulation
MPRegen  0.15/turn              A - +4 ring of intelligence

@: no status effects
A: distributed training, fangs 1, strong nose
a: Renounce Religion


You were on level 6 of the Dungeon.
You worshipped Elyvilon.
Elyvilon was noncommittal.
You were hungry.

You visited 2 branches of the dungeon, and saw 7 of its levels.

You collected 306 gold pieces.
You spent 240 gold pieces at shops.

Inventory:

Hand Weapons
 d - a +0 dagger (weapon)
Missiles
 w - 22 poisoned tomahawks (quivered)
Armour
 a - a +0 robe (worn)
 s - a +0 helmet (worn)
 v - a +0 pair of gloves (worn)
 I - a +0 cloak (worn)
Jewellery
 f - an uncursed amulet of the gourmand
 h - an uncursed amulet of faith
 r - a ring of insulation (left hand)
 t - an amulet of regeneration (around neck)
 A - a +4 ring of intelligence (right hand)
 G - a cursed ring of attention {unknown}
Wands
 c - a wand of iceblast (1)
 C - a wand of clouds (7)
Scrolls
 b - a scroll of fear {unknown}
 g - a scroll of noise {unknown}
 i - 5 scrolls of identify
 j - 4 scrolls of amnesia
 p - 2 scrolls of revelation {unknown}
 u - a scroll of fog {unknown}
 z - 3 scrolls of remove curse
 B - a scroll of immolation {unknown}
 E - a scroll of vulnerability {unknown}
 H - a scroll of blinking {unknown}
Potions
 k - 2 potions of might
 l - 3 potions of curing
 m - a potion of berserk rage
 n - 3 potions of haste
 o - a potion of flight
 q - 2 potions of mutation
 x - a potion of magic
 D - a potion of ambrosia {unknown}
 F - a potion of cancellation {unknown}
Comestibles
 e - 9 rations {!d}


   Skills:
 + Level 3.3 Fighting
 + Level 3.3 Short Blades
 + Level 3.3 Long Blades
 + Level 3.3 Axes
 + Level 3.3 Maces & Flails
 + Level 3.3 Polearms
 + Level 3.3 Staves
 + Level 3.3 Slings
 + Level 3.3 Bows
 + Level 3.3 Crossbows
 + Level 3.3 Throwing
 + Level 3.3 Armour
 + Level 5.7 Dodging
 + Level 5.7 Stealth
 + Level 3.3 Shields
 + Level 3.3 Unarmed Combat
 + Level 6.1 Spellcasting
 + Level 3.5 Conjurations
 + Level 2.7 Hexes
 + Level 2.7 Charms
 + Level 2.7 Summonings
 + Level 2.7 Necromancy
 + Level 2.7 Translocations
 + Level 2.7 Transmutations
 + Level 2.7 Fire Magic
 + Level 6.1 Ice Magic
 + Level 2.7 Air Magic
 + Level 2.7 Earth Magic
 + Level 2.7 Poison Magic
 + Level 3.7 Invocations
 + Level 3.3 Evocations


You had 13 spell levels left.
You knew the following spells:

 Your Spells              Type           Power        Failure   Level  Hunger
a - Freeze                Ice            #####.       1%          1    None
b - Throw Frost           Conj/Ice       ####..       1%          2    None
c - Magic Dart            Conj           ###.         1%          1    None
d - Blink                 Tloc           N/A          4%          2    None

Your spell library contained the following spells:

 Spells                   Type           Power        Failure   Level  Hunger
 Call Imp                 Summ           ###...       4%          2    None
 Ozocubu's Armour         Chrm/Ice       ####....     4%          3    ##.....
 Conjure Flame            Conj/Fire      ###.....     7%          3    ##.....
 Mephitic Cloud           Conj/Pois/Air  ###.....     8%          3    ##.....
 Spider Form              Tmut/Pois      ###          9%          3    ##.....
 Throw Icicle             Conj/Ice       ####....     12%         4    ####...
 Ice Form                 Ice/Tmut       ####....     14%         4    ####...
 Summon Ice Beast         Ice/Summ       ####....     14%         4    ####...


Dungeon Overview and Level Annotations

Branches:
Dungeon (6/12)             Temple (1/1) D:5

Altars:
Ashenzari
Cheibriados
Dithmenos
Elyvilon
Fedhas
Gozag
Hepliaklqana
Kikubaaqudgha
Lugonu
Makhleb
Nemelex Xobeh
Okawaru
Qazlal
Ru
Sif Muna
Uskayaw
Vehumet
Wu Jian
Xom
Yredelemnul
Zin
The Shining One

Shops:
D:4 :%


Innate Abilities, Weirdness & Mutations

Your experience applies equally to all skills.
You have very sharp teeth.
Your uncanny sense of smell can sniff out nearby items.


Message History

You feel your power leaking away.
You hit the eye of draining.
The eye of draining is heavily wounded.
The eye of draining gazes at you. x2
You hit the eye of draining but do no damage.
The eye of draining is heavily wounded.
You hit the eye of draining.
The eye of draining is heavily wounded.
You hit the eye of draining.
The eye of draining is heavily wounded.
The eye of draining gazes at you.
You hit the eye of draining.
The eye of draining is severely wounded.
The eye of draining is infused with unholy energy.
* * * LOW HITPOINT WARNING * * *
The eye of draining draws life force from you and is healed!
The eye of draining gazes at you.
You feel better.
The eye of draining is infused with unholy energy.
You die...

#....#
#....#
####.
###..#
.....
#).##
###..
#.....#
##.##.#
####.#
# ∆
#.GZc#
∆
#@####
#.# #.#
#.# #.#
... ?#.
. .


You could see an eye of draining, a centaur and a howler monkey skeleton.

Vanquished Creatures
  A water moccasin (D:5)
  3 sky beasts
  A black bear (D:6)
  An ogre (D:5)
  A phantom (D:6)
  A bullfrog (D:6)
  A centaur (D:6)
  2 scorpions
  A howler monkey (D:4)
  An orc priest (D:3)
  A crimson imp (D:4)
  2 hounds
  An orc wizard (D:5)
  4 worker ants
  A hound skeleton (D:6)
  A worker ant zombie (D:5)
  3 gnolls (D:5)
  5 adders
  2 oozes
  An adder zombie (D:5)
  2 adder skeletons
  A dart slug (D:3)
  3 leopard geckos
  7 orcs
  5 giant cockroaches
  8 goblins
  7 hobgoblins
  2 quokkas
  4 bats
  3 frilled lizards
  A jackal skeleton (D:5)
  A jackal zombie (D:5)
  5 kobolds
  A quokka zombie (D:6)
  4 rats
88 creatures vanquished.

Notes
Turn   | Place    | Note
-------+----------+-------------------------------------------
     0 | D:1      | Yshiel the Gnoll Ice Elementalist began the quest for the
                  | Orb.
     0 | D:1      | Reached XP level 1. HP: 13/13 MP: 6/6
   155 | D:1      | Reached XP level 2. HP: 19/19 MP: 7/7
   446 | D:1      | Reached XP level 3. HP: 25/25 MP: 9/9
   487 | D:1      | Reached skill level 5 in Spellcasting
  1205 | D:2      | Reached skill level 1 in Invocations
  1348 | D:3      | Found a faded altar of an unknown god.
  1411 | D:3      | Reached skill level 1 in Fighting
  1411 | D:3      | Reached skill level 1 in Short Blades
  1411 | D:3      | Reached skill level 1 in Long Blades
  1411 | D:3      | Reached skill level 1 in Axes
  1411 | D:3      | Reached skill level 1 in Maces & Flails
  1411 | D:3      | Reached skill level 1 in Polearms
  1411 | D:3      | Reached skill level 1 in Staves
  1411 | D:3      | Reached skill level 1 in Slings
  1411 | D:3      | Reached skill level 1 in Bows
  1411 | D:3      | Reached skill level 1 in Crossbows
  1411 | D:3      | Reached skill level 1 in Throwing
  1411 | D:3      | Reached skill level 1 in Armour
  1411 | D:3      | Reached skill level 1 in Shields
  1411 | D:3      | Reached skill level 1 in Unarmed Combat
  1411 | D:3      | Reached skill level 1 in Evocations
  1411 | D:3      | Reached XP level 4. HP: 32/32 MP: 11/11
  1482 | D:3      | Reached skill level 1 in Hexes
  1482 | D:3      | Reached skill level 1 in Charms
  1482 | D:3      | Reached skill level 1 in Summonings
  1482 | D:3      | Reached skill level 1 in Necromancy
  1482 | D:3      | Reached skill level 1 in Translocations
  1482 | D:3      | Reached skill level 1 in Transmutations
  1482 | D:3      | Reached skill level 1 in Fire Magic
  1482 | D:3      | Reached skill level 1 in Air Magic
  1482 | D:3      | Reached skill level 1 in Earth Magic
  1482 | D:3      | Reached skill level 1 in Poison Magic
  1623 | D:3      | Noticed a sky beast
  1643 | D:3      | Killed a sky beast
  1644 | D:3      | Reached XP level 5. HP: 15/37 MP: 7/12
  1782 | D:3      | Reached XP level 6. HP: 27/44 MP: 7/13
  1826 | D:3      | Found a sacrificial altar of Ru.
  1931 | D:3      | Noticed a human
  1932 | D:3      | Found a runed door.
  1933 | D:3      | Found a basalt altar of Yredelemnul.
  1989 | D:4      | Reached skill level 5 in Dodging
  1989 | D:4      | Reached skill level 5 in Stealth
  2062 | D:5      | Entered Level 5 of the Dungeon
  2086 | D:4      | Noticed a sky beast
  2091 | D:4      | Killed a sky beast
  2108 | D:4      | Reached XP level 7. HP: 50/50 MP: 12/15
  2132 | D:4      | Found Reblacua's Food Shoppe.
  2157 | D:4      | Found Vutoxti's Book Boutique.
  2537 | D:4      | Bought a book of Minor Magic for 240 gold pieces
  2541 | D:4      | Learned a level 2 spell: Throw Frost
  2543 | D:4      | Learned a level 1 spell: Magic Dart
  2546 | D:4      | Learned a level 2 spell: Blink
  2709 | D:5      | HP: 2/51 [ogre/+0 giant spiked club (16)]
  3063 | D:5      | Found a staircase to the Ecumenical Temple.
  3083 | Temple   | Entered the Ecumenical Temple
  3108 | Temple   | Became a worshipper of Elyvilon the Healer
  3485 | D:5      | Reached XP level 8. HP: 57/57 MP: 9/16
  4057 | D:6      | Noticed an eye of draining
  4127 | D:6      | HP: 1/58 [eye of draining/vampiric draining (10)]
  4129 | D:6      | Killed from afar by an eye of draining

Skill      XL: |  1  2  3  4  5  6  7  8 |
---------------+-------------------------+-----
Conjurations   | 2 3 |  3.5
Spellcasting   | 5 6 |  6.1
Invocations    | 1 2 3 |  3.7
Fighting       | 1 2 3 |  3.3
Short Blades   | 1 2 3 |  3.3
Long Blades    | 1 2 3 |  3.3
Axes           | 1 2 3 |  3.3
Maces & Flails | 1 2 3 |  3.3
Polearms       | 1 2 3 |  3.3
Staves         | 1 2 3 |  3.3
Slings         | 1 2 3 |  3.3
Bows           | 1 2 3 |  3.3
Crossbows      | 1 2 3 |  3.3
Throwing       | 1 2 3 |  3.3
Armour         | 1 2 3 |  3.3
Shields        | 1 2 3 |  3.3
Unarmed Combat | 1 2 3 |  3.3
Evocations     | 1 2 3 |  3.3
Hexes          | 1 2 |  2.7
Charms         | 1 2 |  2.7
Summonings     | 1 2 |  2.7
Necromancy     | 1 2 |  2.7
Translocations | 1 2 |  2.7
Transmutations | 1 2 |  2.7
Fire Magic     | 1 2 |  2.7
Air Magic      | 1 2 |  2.7
Earth Magic    | 1 2 |  2.7
Poison Magic   | 1 2 |  2.7
Dodging        | 5 |  5.7
Stealth        | 5 |  5.7
Ice Magic      | 6 |  6.1

Action                   |  1- 3 |  4- 6 |  7- 9 || total
-------------------------+-------+-------+-------++-------
Melee: Unarmed           |    12 |       |       ||    12
       Dagger            |    73 |    70 |   208 ||   351
       Bite              |    12 |     5 |    23 ||    40
       Punch             |       |       |     7 ||     7
Throw: Tomahawk          |       |       |     1 ||     1
 Cast: Freeze            |    21 |    27 |    56 ||   104
       Blink             |       |       |     3 ||     3
  Use: Scroll            |     1 |     7 |     5 ||    13
       Potion            |       |     1 |     1 ||     2
 Stab: Sleeping          |     8 |     2 |     4 ||    14
  Eat: Chunk             |     4 |     4 |    11 ||    19
Armor: Robe              |     8 |    26 |    28 ||    62
Dodge: Dodged            |    87 |    76 |   144 ||   307
